 Dungeon Crawl Stone Soup version 0.21-a0-625-g1119ec1 (webtiles) character file.

1482 tidbits the Digger (level 8, -4/58 HPs)
             Began as a Gnoll Earth Elementalist on Dec 24, 2017.
             Was an Initiate of Cheibriados.
             Slain by a bullfrog skeleton (6 damage)
             ... on level 7 of the Dungeon.
             The game lasted 00:17:55 (2252 turns).

tidbits the Digger (Gnoll Earth Elementalist)       Turns: 2252, Time: 00:17:56

Health: -4/58      AC:  6    Str: 12    XL:     8   Next: 79%
Magic:  6/17       EV: 16    Int: 21    God:    Cheibriados [......]
Gold:   380        SH:  0    Dex: 16    Spells: 16/19 levels left

rFire    x . .     SeeInvis .   a - +1 rapier
rCold    . . .     Gourm    .   (no shield)
rNeg     . . .     Faith    .   c - +0 robe
rPois    +         Spirit   .   (no helmet)
rElec    +         Reflect  .   (no cloak)
rCorr    .         Harm     .   n - +0 pair of gloves (curse)
MR       +....                  F - +2 pair of boots of the Pink Corner {rElec rPois rF- MR+}
Stlth    +++.......             (no amulet)
HPRegen  0.19/turn              r - ring of stealth
MPRegen  0.15/turn              s - ring of loudness (curse)

@: lethally poisoned (-4 -> -7), flying, very slow
A: distributed training, fangs 1, strong nose
a: Bend Time, Renounce Religion


You were on level 7 of the Dungeon.
You worshipped Cheibriados.
Cheibriados was noncommittal.
You were not hungry.

You visited 2 branches of the dungeon, and saw 8 of its levels.

You collected 380 gold pieces.

Inventory:

Hand Weapons
 a - a +1 rapier (weapon)
 h - a +0 whip
 k - a +0 hunting sling
 y - a +5 rapier of speed
   (You found it on level 6 of the Dungeon)
 C - a +0 short sword
 E - a +1 flail of crushing
   (You found it on level 6 of the Dungeon)
 H - a +0 broad axe
Missiles
 b - 198 stones
 g - a steel javelin (quivered)
 i - 61 arrows
 x - 50 sling bullets
Armour
 c - a +0 robe (worn)
 j - a +0 buckler
 n - a cursed +0 pair of gloves (worn)
 v - a +0 cloak
 D - a +3 scale mail of cold resistance
   (You found it on level 6 of the Dungeon)
 F - the +2 pair of boots of the Pink Corner (worn) {rElec rPois rF- MR+}
   (You found it on level 5 of the Dungeon)

   It makes you vulnerable to fire.
   It insulates you from electricity.
   It protects you from poison.
   It affects your resistance to hostile enchantments.
Magical Staves
 G - an uncursed staff of cold {unknown}
   (You found it on level 6 of the Dungeon)
Jewellery
 r - a ring of stealth (left hand)
   (You found it on level 3 of the Dungeon)
 s - a cursed ring of loudness (right hand)
   (You found it on level 3 of the Dungeon)
 t - an uncursed ring of fire
   (You found it on level 4 of the Dungeon)
 A - an uncursed ring of resist corrosion
   (You found it on level 6 of the Dungeon)
Wands
 m - a wand of flame (30)
 u - a wand of digging (15)
Scrolls
 l - 4 scrolls of teleportation
 q - 2 scrolls of enchant weapon
 z - a scroll of amnesia
 B - a scroll of identify
Potions
 o - a potion of degeneration
 p - a potion of curing
 w - a potion of might
Books
 e - a book of Geomancy

   Spells                             Type                      Level
   a - Sandblast                      Earth                        1
   b - Passwall                       Transmutation/Earth          2
   c - Stone Arrow                    Conjuration/Earth            3
   d - Petrify                        Transmutation/Earth          4
   e - Lee's Rapid Deconstruction     Earth                        5
Comestibles
 d - 15 rations


   Skills:
 + Level 3.5 Fighting
 + Level 3.5 Short Blades
 + Level 3.5 Long Blades
 + Level 3.5 Axes
 + Level 3.5 Maces & Flails
 + Level 3.5 Polearms
 + Level 3.5 Staves
 + Level 3.5 Slings
 + Level 3.5 Bows
 + Level 3.5 Crossbows
 + Level 3.5 Throwing
 + Level 3.5 Armour
 + Level 5.8 Dodging
 + Level 5.5 Stealth
 + Level 3.5 Shields
 + Level 3.5 Unarmed Combat
 + Level 6.2 Spellcasting
 + Level 2.9 Conjurations
 + Level 2.9 Hexes
 + Level 2.9 Charms
 + Level 2.9 Summonings
 + Level 2.9 Necromancy
 + Level 2.9 Translocations
 + Level 3.6 Transmutations
 + Level 2.9 Fire Magic
 + Level 2.9 Ice Magic
 + Level 2.9 Air Magic
 + Level 6.2 Earth Magic
 + Level 2.9 Poison Magic
 + Level 3.9 Invocations
 + Level 3.5 Evocations


You had 16 spell levels left.
You knew the following spells:

 Your Spells              Type           Power        Failure   Level  Hunger
a - Sandblast             Erth           ####..       1%          1    None
w - Passwall              Tmut/Erth      ####......   1%          2    None


Dungeon Overview and Level Annotations

Branches:
Dungeon (7/15)             Temple (1/1) D:6

Altars:
Ashenzari
Cheibriados
Dithmenos
Fedhas
Gozag
Hepliaklqana
Kikubaaqudgha
Makhleb
Nemelex Xobeh
Okawaru
Qazlal
Ru
Sif Muna
Trog
Uskayaw
Wu Jian
Xom
Yredelemnul
The Shining One

Annotations:
D:6 Blork the orc


Innate Abilities, Weirdness & Mutations

Your experience applies equally to all skills.
You have very sharp teeth.
Your uncanny sense of smell can sniff out nearby items.


Message History

The blast of sand hits the hornet.
The hornet is heavily wounded.
b - 204 stones The hornet barely misses you.
The howler monkey completely misses you.
The hornet closely misses you.
Casting: Sandblast
Confirm with . or Enter, or press ? or * to list all spells.
Aiming: Sandblast
Press: ? - help, Shift-Dir - straight line, f/p - hornet
Aim: a hornet (moderately wounded)
The blast of sand misses the hornet.
b - 203 stones The howler monkey barely misses you.
The hornet closely misses you. The howler monkey barely misses you.
Casting: Sandblast
Confirm with . or Enter, or press ? or * to list all spells.
Aiming: Sandblast
Press: ? - help, Shift-Dir - straight line, f/p - hornet
Aim: a hornet (moderately wounded)
The blast of sand hits the hornet.
The hornet is severely wounded.
b - 202 stones The hornet closely misses you.
The bullfrog skeleton hits you but does no damage.
The hornet stings you. The howler monkey closely misses you.
Casting: Sandblast
Confirm with . or Enter, or press ? or * to list all spells.
Aiming: Sandblast
Press: ? - help, Shift-Dir - straight line, f/p - hornet
Aim: a hornet (severely wounded)
The blast of sand hits the hornet.
The hornet is severely wounded.
b - 201 stones The hornet barely misses you.
The bullfrog skeleton closely misses you.
The howler monkey hits you.
Casting: Sandblast
Confirm with . or Enter, or press ? or * to list all spells.
Aiming: Sandblast
Press: ? - help, Shift-Dir - straight line, f/p - hornet
Aim: a hornet (severely wounded)
The blast of sand hits the hornet.
The hornet is severely wounded.
b - 200 stones The hornet stings you!
You feel yourself slow down.
The bullfrog skeleton completely misses you.
The howler monkey barely misses you. The hornet stings you!
* * * LOW HITPOINT WARNING * * *
You suddenly lose the ability to move!
The bullfrog skeleton hits you but does no damage.
You can move again.
Casting: Sandblast
Confirm with . or Enter, or press ? or * to list all spells.
Aiming: Sandblast
Press: ? - help, Shift-Dir - straight line, f/p - hornet
Aim: a hornet (heavily wounded)
The blast of sand hits the hornet.
The hornet is heavily wounded.
b - 199 stones You feel yourself speed up.
The hornet closely misses you. The howler monkey hits you.
* * * LOW HITPOINT WARNING * * *
The bullfrog skeleton barely misses you.
The hornet stings you!
* * * LOW HITPOINT WARNING * * *
You are poisoned.
You feel yourself slow down.
The howler monkey hits you but does no damage.
The bullfrog skeleton hits you but does no damage.
The flow of time bends around you.
Cheibriados rebukes the howler monkey.
The howler monkey seems to slow down.
Cheibriados rebukes the hornet.
The hornet seems to slow down.
Cheibriados rebukes the bullfrog skeleton.
The bullfrog skeleton seems to slow down.
You feel slightly more hungry.
You feel sick.
The hornet stings you but does no damage.
The howler monkey barely misses you. The bullfrog skeleton misses you.
The hornet closely misses you.
Casting: Sandblast
Confirm with . or Enter, or press ? or * to list all spells.
Aiming: Sandblast
Press: ? - help, Shift-Dir - straight line, f/p - hornet
Aim: a hornet (heavily wounded, slow)
The blast of sand misses the hornet.
b - 198 stones You feel yourself speed up.
You feel sick. The howler monkey closely misses you. The hornet stings you!
* * * LOW HITPOINT WARNING * * *
The bullfrog skeleton barely misses you.
It was a potion of flight.
You feel very buoyant.
You fly up into the air.
* * * LOW HITPOINT WARNING * * *
You feel sick.
The howler monkey hoots and howls with incredible vigour!
The hornet misses you. The bullfrog skeleton hits you.
You die...

Z. .. #........Z ..
∆... #.##.#......# #(.
.... ...........###.#
..# #
#......#....#.####..#
#.#..##.##.#....#.....#
(....................#
#......Z........<....##
#..h@..............#
#..y..##...........##
#.....##.............
........##...........##
.........##...........#
.........##..........##
.........##.........<.#
.........##...........#
#...........#


You could see a hornet, a howler monkey and a bullfrog skeleton.

Vanquished Creatures
  2 centaurs
  An ogre (D:4)
  2 big kobolds (D:4)
  3 bullfrogs (D:6)
  A crimson imp (D:6)
  A bullfrog zombie (D:5)
  A centaur zombie (D:6)
  2 jellies (D:3)
  5 orc priests
  A centaur skeleton (D:5)
  2 hounds
  3 orc wizards
  3 worker ants
  A hound skeleton (D:4)
  6 gnolls (D:4)
  6 adders
  3 shadow imps
  An ooze (D:1)
  2 adder skeletons
  A worm (D:3)
  7 leopard geckos
  8 orcs
  5 giant cockroaches
  32 goblins
  37 hobgoblins
  3 iguanas
  12 jackals
  3 quokkas (D:2)
  5 bats
  9 frilled lizards
  A jackal skeleton (D:5)
  7 kobolds
  A leopard gecko skeleton (D:4)
  5 rats
182 creatures vanquished.

Notes
Turn   | Place    | Note
-------+----------+-------------------------------------------
     0 | D:1      | tidbits the Gnoll Earth Elementalist began the quest for the Orb.
     0 | D:1      | Reached XP level 1. HP: 13/13 MP: 6/6
     6 | D:1      | Reached skill level 2 in Transmutations
    23 | D:1      | Reached XP level 2. HP: 19/19 MP: 3/7
    28 | D:1      | Learned a level 2 spell: Passwall
   196 | D:2      | Reached XP level 3. HP: 14/25 MP: 2/9
   198 | D:2      | Reached skill level 5 in Spellcasting
   232 | D:2      | Noticed an ogre
   410 | D:1      | Reached skill level 1 in Invocations
   454 | D:2      | Reached skill level 1 in Fighting
   454 | D:2      | Reached skill level 1 in Short Blades
   454 | D:2      | Reached skill level 1 in Long Blades
   454 | D:2      | Reached skill level 1 in Axes
   454 | D:2      | Reached skill level 1 in Maces & Flails
   454 | D:2      | Reached skill level 1 in Polearms
   454 | D:2      | Reached skill level 1 in Staves
   454 | D:2      | Reached skill level 1 in Slings
   454 | D:2      | Reached skill level 1 in Bows
   454 | D:2      | Reached skill level 1 in Crossbows
   454 | D:2      | Reached skill level 1 in Throwing
   454 | D:2      | Reached skill level 1 in Armour
   454 | D:2      | Reached skill level 1 in Shields
   454 | D:2      | Reached skill level 1 in Unarmed Combat
   454 | D:2      | Reached skill level 1 in Evocations
   497 | D:2      | Reached XP level 4. HP: 32/32 MP: 6/11
   721 | D:5      | Entered Level 5 of the Dungeon
   726 | D:5      | Reached skill level 1 in Conjurations
   726 | D:5      | Reached skill level 1 in Hexes
   726 | D:5      | Reached skill level 1 in Charms
   726 | D:5      | Reached skill level 1 in Summonings
   726 | D:5      | Reached skill level 1 in Necromancy
   726 | D:5      | Reached skill level 1 in Translocations
   726 | D:5      | Reached skill level 1 in Fire Magic
   726 | D:5      | Reached skill level 1 in Ice Magic
   726 | D:5      | Reached skill level 1 in Air Magic
   726 | D:5      | Reached skill level 1 in Poison Magic
   726 | D:5      | Reached XP level 5. HP: 37/37 MP: 8/12
   751 | D:5      | Got a pair of scorched boots
   757 | D:5      | Identified the +2 pair of boots of the Pink Corner {rElec rPois rF- MR+} (You found it on level 5 of the Dungeon)
   945 | D:4      | Reached XP level 6. HP: 44/44 MP: 11/13
   949 | D:4      | Reached skill level 2 in Invocations
  1008 | D:4      | Reached skill level 2 in Fighting
  1008 | D:4      | Reached skill level 2 in Short Blades
  1008 | D:4      | Reached skill level 2 in Long Blades
  1008 | D:4      | Reached skill level 2 in Axes
  1008 | D:4      | Reached skill level 2 in Maces & Flails
  1008 | D:4      | Reached skill level 2 in Polearms
  1008 | D:4      | Reached skill level 2 in Staves
  1008 | D:4      | Reached skill level 2 in Slings
  1008 | D:4      | Reached skill level 2 in Bows
  1008 | D:4      | Reached skill level 2 in Crossbows
  1008 | D:4      | Reached skill level 2 in Throwing
  1008 | D:4      | Reached skill level 2 in Armour
  1008 | D:4      | Reached skill level 5 in Dodging
  1008 | D:4      | Reached skill level 2 in Shields
  1008 | D:4      | Reached skill level 2 in Unarmed Combat
  1008 | D:4      | Reached skill level 2 in Evocations
  1162 | D:3      | Reached XP level 7. HP: 50/50 MP: 4/15
  1172 | D:3      | Found a shimmering altar of Xom.
  1243 | D:4      | Found a stormy altar of Qazlal.
  1244 | D:4      | Found a shadowy altar of Dithmenos.
  1312 | D:4      | Found a sparkling altar of Nemelex Xobeh.
  1342 | D:4      | Reached skill level 2 in Conjurations
  1342 | D:4      | Reached skill level 2 in Hexes
  1342 | D:4      | Reached skill level 2 in Charms
  1342 | D:4      | Reached skill level 2 in Summonings
  1342 | D:4      | Reached skill level 2 in Necromancy
  1342 | D:4      | Reached skill level 2 in Translocations
  1342 | D:4      | Reached skill level 2 in Fire Magic
  1342 | D:4      | Reached skill level 2 in Ice Magic
  1342 | D:4      | Reached skill level 2 in Air Magic
  1342 | D:4      | Reached skill level 2 in Poison Magic
  1383 | D:4      | Reached skill level 3 in Transmutations
  1629 | D:4      | Reached skill level 5 in Stealth
  1629 | D:4      | Reached skill level 3 in Invocations
  1744 | D:6      | Noticed Blork the orc
  1780 | D:5      | Reached XP level 8. HP: 35/57 MP: 7/16
  1785 | D:5      | Found a deep blue altar of Sif Muna.
  1794 | D:5      | Reached skill level 6 in Earth Magic
  1909 | D:5      | Reached skill level 3 in Fighting
  1909 | D:5      | Reached skill level 3 in Short Blades
  1909 | D:5      | Reached skill level 3 in Long Blades
  1909 | D:5      | Reached skill level 3 in Axes
  1909 | D:5      | Reached skill level 3 in Maces & Flails
  1909 | D:5      | Reached skill level 3 in Polearms
  1909 | D:5      | Reached skill level 3 in Staves
  1909 | D:5      | Reached skill level 3 in Slings
  1909 | D:5      | Reached skill level 3 in Bows
  1909 | D:5      | Reached skill level 3 in Crossbows
  1909 | D:5      | Reached skill level 3 in Throwing
  1909 | D:5      | Reached skill level 3 in Armour
  1909 | D:5      | Reached skill level 3 in Shields
  1909 | D:5      | Reached skill level 3 in Unarmed Combat
  1909 | D:5      | Reached skill level 3 in Evocations
  1990 | D:6      | Found a staircase to the Ecumenical Temple.
  1996 | Temple   | Entered the Ecumenical Temple
  2003 | Temple   | Became a worshipper of Cheibriados the Contemplative
  2069 | D:6      | Reached skill level 6 in Spellcasting
  2100 | D:6      | Found a large runed door.
  2100 | D:6      | Found a large runed door.
  2104 | D:6      | Found a large runed door.
  2104 | D:6      | Found a large runed door.
  2237 | D:7      | Noticed a hornet
  2248 | D:7      | Paralysed by a hornet for 1 turns
  2251 | D:7      | HP: 2/58 [hornet (8)]
  2252 | D:7      | Slain by a bullfrog skeleton

Vault maps used:
D:1:      dpeg_arrival_houses_and_road
D:2:      wad_lake_hut
D:3:      marbit_many_paths, dk_xom_monty_hall
D:4:      minmay_goblin_kobold_castle, kennysheep_little_box,
          nemelex_xobeh_ov_fountains_minmay,
          chequers_temple_overflow_statue_of_worship, st_stairs_10
D:5:      lemuel_round_altar, first_ration, serial_shops, shop_statue
D:6:      temple_green, hangedman_decor_riveting, minmay_hollow_rounded_squares,
          uniq_pikel, uniq_blork_the_orc, uniq_edmund
D:7:      nicolae_ossuary_entry_ruins
Temple:   nicolae_temple_no_exploring_needed

Skill      XL: |  1  2  3  4  5  6  7  8 |
---------------+-------------------------+-----
Transmutations | 2 3 |  3.6
Spellcasting   | 5 6 |  6.2
Invocations    | 1 2 3 |  3.9
Fighting       | 1 2 3 |  3.5
Short Blades   | 1 2 3 |  3.5
Long Blades    | 1 2 3 |  3.5
Axes           | 1 2 3 |  3.5
Maces & Flails | 1 2 3 |  3.5
Polearms       | 1 2 3 |  3.5
Staves         | 1 2 3 |  3.5
Slings         | 1 2 3 |  3.5
Bows           | 1 2 3 |  3.5
Crossbows      | 1 2 3 |  3.5
Throwing       | 1 2 3 |  3.5
Armour         | 1 2 3 |  3.5
Shields        | 1 2 3 |  3.5
Unarmed Combat | 1 2 3 |  3.5
Evocations     | 1 2 3 |  3.5
Conjurations   | 1 2 |  2.9
Hexes          | 1 2 |  2.9
Charms         | 1 2 |  2.9
Summonings     | 1 2 |  2.9
Necromancy     | 1 2 |  2.9
Translocations | 1 2 |  2.9
Fire Magic     | 1 2 |  2.9
Ice Magic      | 1 2 |  2.9
Air Magic      | 1 2 |  2.9
Poison Magic   | 1 2 |  2.9
Dodging        | 5 |  5.8
Stealth        | 5 |  5.5
Earth Magic    | 6 |  6.2

Action                   |  1- 3 |  4- 6 |  7- 9 || total
-------------------------+-------+-------+-------++-------
Melee: Whip              |    10 |       |       ||    10
       Bite              |     1 |       |     4 ||     5
       Short sword       |       |     6 |    34 ||    40
       Rapier            |       |       |     9 ||     9
Throw: Javelin           |     4 |       |       ||     4
       Stone             |     1 |       |       ||     1
 Cast: Sandblast         |    47 |    83 |   126 ||   256
       Passwall          |       |       |     1 ||     1
Invok: Bend Time         |       |       |     1 ||     1
  Use: Potion            |       |     2 |     1 ||     3
       Scroll            |       |     1 |     4 ||     5
 Stab: Sleeping          |     1 |     3 |     4 ||     8
  Eat: Chunk             |       |     1 |     3 ||     4
Armor: Robe              |     5 |    12 |    23 ||    40
Dodge: Dodged            |    29 |    24 |   113 ||   166

Table legend:
 A = Spawn XP
 B = Non-spawn XP
 C = Spawn XP percentage of total XP
 D = Spawn monster count
 E = Non-spawn monster count
 F = Spawn count percentage of total count
 G = Total turns spent on level
                    A         B        C        D         E        F      G
               +---------+---------+-------+---------+---------+-------+---------
         Total |       0 |    2118 |   0.0 |       0 |     182 |   0.0 |  2252
               +---------+---------+-------+---------+---------+-------+---------
           D:1 |       0 |      28 |   0.0 |       0 |      15 |   0.0 |   118
           D:2 |       0 |      53 |   0.0 |       0 |      23 |   0.0 |   444
           D:3 |       0 |     159 |   0.0 |       0 |      24 |   0.0 |   327
           D:4 |       0 |     771 |   0.0 |       0 |      82 |   0.0 |   743
           D:5 |       0 |     428 |   0.0 |       0 |      19 |   0.0 |   291
           D:6 |       0 |     679 |   0.0 |       0 |      19 |   0.0 |   276
               +---------+---------+-------+---------+---------+-------+---------

Table legend:
 A = Turns spent in this place as a percentage of turns spent in the entire game.
 B = Non-inter-level travel turns spent in this place as a percentage of non-inter-level travel turns spent in the entire game.
 C = Inter-level travel turns spent in this place as a percentage of turns spent in this place.
 D = Turns resting spent in this place as a percentage of non-inter-level travel turns spent in this place.
 E = Turns spent auto-exploring this place as a percentage of non-inter-level travel turns spent in this place.
 F = Non-inter-level travel turns spent in this place divided by the number of levels of this place that you've seen.
                   A       B       C       D       E      F
               +-------+-------+-------+-------+-------+----------------------
         Total | 100.0 | 100.0 |   4.0 |   0.0 |   0.0 | 270.4
       Dungeon |  99.3 |  99.9 |   3.4 |   0.0 |   0.0 | 308.6
        Temple |   0.7 |   0.1 |  80.0 |   0.0 |   0.0 |   3.0
               +-------+-------+-------+-------+-------+----------------------

Table legend:
 A = Kills in this place as a percentage of kills in entire the game.
 B = Kills by you in this place as a percentage of kills by you in the entire game.
 C = Kills by friends in this place as a percentage of kills by friends in the entire game.
 D = Other kills in this place as a percentage of other kills in the entire game.
 E = Experience gained in this place as a percentage of experience gained in the entire game.
 F = Experience gained in this place divided by the number of levels of this place that you have seen.
                   A       B       C       D       E      F
               +-------+-------+-------+-------+-------+----------------------
         Total | 100.0 | 100.0 |   N/A |   N/A | 100.0 | 264.8
       Dungeon | 100.0 | 100.0 |   N/A |   N/A | 100.0 | 302.6
               +-------+-------+-------+-------+-------+----------------------

Vault maps used:
D:1:      dpeg_arrival_houses_and_road
D:2:      wad_lake_hut
D:3:      marbit_many_paths, dk_xom_monty_hall
D:4:      minmay_goblin_kobold_castle, kennysheep_little_box,
          nemelex_xobeh_ov_fountains_minmay,
          chequers_temple_overflow_statue_of_worship, st_stairs_10
D:5:      lemuel_round_altar, first_ration, serial_shops, shop_statue
D:6:      temple_green, hangedman_decor_riveting, minmay_hollow_rounded_squares,
          uniq_pikel, uniq_blork_the_orc, uniq_edmund
D:7:      nicolae_ossuary_entry_ruins
Temple:   nicolae_temple_no_exploring_needed
